 Dungeon Crawl Stone Soup version 0.26-a0-1177-g1209ec82b9 (webtiles) character file.

Game seed: 18349141052028138822

651192 mhtbhm the Axe Maniac (level 27, 0/273 HPs)
             Began as a Minotaur Fighter on Dec 24, 2020.
             Was the Champion of Okawaru.
             Killed from afar by a twister (4 damage)
             ... with a tornado
             ... summoned by a Zot trap
             ... on level 5 of the Realm of Zot.
             The game lasted 02:11:43 (62327 turns).

mhtbhm the Axe Maniac (Minotaur Fighter)           Turns: 62327, Time: 02:11:43

Health: 0/273      AC: 34    Str: 42    XL:     27
Magic:  24/24      EV: 21    Int:  1    God:    Okawaru [******]
Gold:   6782       SH: 44    Dex: 12    Spells: 26/26 levels left

rFire    + + .     SeeInvis +   W - +9 broad axe (vamp)
rCold    . . .     Faith    .   L - +10 tower shield of Ignorance {rN+ Int-4}
rNeg     + + .     Spirit   .   b - +5 chain mail of the Guild-Master {rN+ Slay+3}
rPois    .         Reflect  +   Q - +1 hat {Will+}
rElec    +         Harm     .   d - +0 cloak "Roseul" {rElec Will++ Str+5}
rCorr    +         Rampage  .   x - +3 pair of gauntlets of War {Slay+5}
Will     +++..                  N - +0 pair of boots of the Constellations {rF+ rCorr}
Stlth    ..........             H - amulet of reflection
HPRegen  0.55/turn              U - +4 ring of slaying
MPRegen  0.19/turn              Z - ring of Reimbursement {+Blink rF+ Str+5 SInv}

@: weak-willed, flying (expiring), hasted and slowed
A: retaliatory headbutt, claws 1, horns 2, yellow scales 1, strong-willed 1
}: 3/15 runes: decaying, silver, gossamer
a: Renounce Religion, Evoke Blink, Heroism, Finesse


You were on level 5 of the Realm of Zot.
You worshipped Okawaru.
Okawaru was exalted by your worship.
You visited 10 branches of the dungeon, and saw 50 of its levels.
You also visited: Trove and Gauntlet.

You collected 7939 gold pieces.
You spent 1157 gold pieces at shops.

Inventory:

Hand Weapons
 a - the +8 hand axe "Rieclum" {vorpal, rPois Will+ Int+4}
   (Okawaru gifted it to you on level 3 of the Elven Halls)

   It inflicts extra damage upon your enemies.
   It affects your intelligence (+4).
   It protects you from poison.
   It affects your willpower, your defense against some magical effects.
 u - a +3 broad axe of electrocution
 W - a +9 vampiric broad axe (weapon)
Missiles
 s - 7 curare-tipped darts (quivered)
 O - 9 silver javelins
Armour
 b - the +5 chain mail of the Guild-Master (worn) {rN+ Slay+3}
   (You found it on level 3 of the Spider Nest)

   It affects your accuracy and damage with ranged weapons and melee attacks
   (+3).
   It protects you from negative energy.
 d - the +0 cloak "Roseul" (worn) {rElec Will++ Str+5}
   (You found it in a Gauntlet)

   It affects your strength (+5).
   It insulates you from electricity.
   It affects your willpower, your defense against some magical effects.
 x - the +3 pair of gauntlets of War (worn) {Slay+5}
   (You found it on level 2 of the Depths)

   It affects your accuracy and damage with ranged weapons and melee attacks
   (+5).
 J - the +3 pair of boots "Pib Fizu" {rElec rN+}
   (You found it in a treasure trove)

   It insulates you from electricity.
   It protects you from negative energy.
 L - the +10 tower shield of Ignorance (worn) {rN+ Int-4}
   (You found it in a treasure trove)

   It affects your intelligence (-4).
   It protects you from negative energy.
 M - the +5 plate armour "Adocenn" {rC+}
   (You found it in a treasure trove)

   It protects you from cold.
 N - the +0 pair of boots of the Constellations (worn) {rF+ rCorr}
   (You found it in a treasure trove)

   It protects you from fire.
   It provides partial protection from all sources of acid and corrosion.
 Q - a +1 hat of willpower (worn)
Jewellery
 f - the amulet of the Villain {rF++ Regen+}
   (You bought it in a shop on level 2 of the Orcish Mines)

   [amulet of regeneration]

   It greatly protects you from fire.
   It increases your rate of regeneration.
 v - an uncursed ring of flight
 F - the ring "Beapotum" {rCorr Int+4}
   (You took it off a vault warden on level 5 of the Vaults)

   [ring of resist corrosion]

   It affects your intelligence (+4).
   It provides partial protection from all sources of acid and corrosion.
 H - an amulet of reflection (around neck)
 I - an uncursed ring of poison resistance
 R - the ring "Qegerph" {rElec rC+ Str+4}
   (You took it off a deep elf death mage on level 3 of the Elven Halls)

   [ring of protection from cold]

   It affects your strength (+4).
   It protects you from cold.
   It insulates you from electricity.
 S - an uncursed amulet of faith
 U - a +4 ring of slaying (left hand)
 Z - the ring of Reimbursement (right hand) {+Blink rF+ Str+5 SInv}
   (You acquired it on level 1 of the Elven Halls)

   [ring of protection from fire]

   It affects your strength (+5).
   It protects you from fire.
   It lets you see invisible.
   It lets you blink.
Wands
 B - a wand of polymorph (8)
 K - a wand of digging (24)
 P - a wand of acid (28)
 Y - a wand of disintegration (38)
Scrolls
 e - a scroll of enchant weapon
 g - 7 scrolls of identify
 h - 12 scrolls of fog
 i - 13 scrolls of teleportation
 j - 9 scrolls of blinking
 n - 12 scrolls of enchant armour
 q - 26 scrolls of remove curse
 w - 11 scrolls of immolation
 y - 7 scrolls of magic mapping
 C - 2 scrolls of silence
 E - 6 scrolls of holy word
 T - 6 scrolls of fear
 V - 7 scrolls of summoning
Potions
 k - 14 potions of curing
 l - 4 potions of might
 m - 6 potions of heal wounds
 o - 5 potions of cancellation
 p - 5 potions of mutation
 r - 5 potions of flight
 t - 5 potions of haste
 z - 10 potions of lignification
 A - 2 potions of resistance
 D - 2 potions of berserk rage
 G - 3 potions of invisibility
Miscellaneous
 c - a condenser vane


   Skills:
 O Level 27 Fighting
 O Level 27 Axes
 * Level 7.6 Throwing
 + Level 24.2 Armour
 + Level 20.2 Dodging
 - Level 6.1 Stealth
 - Level 25.0 Shields
 + Level 3.4 Invocations
 + Level 4.2 Evocations


You had 26 spell levels left.
You didn't know any spells.
Your spell library contained the following spells:

 Spells                   Type           Power        Failure   Level
 Animate Skeleton         Necr           0%           77%         1
 Apportation              Tloc           0%           77%         1
 Beastly Appendage        Tmut           0%           77%         1
 Corona                   Hex            0%           77%         1
 Freeze                   Ice            0%           77%         1
 Magic Dart               Conj           0%           77%         1
 Pain                     Necr           0%           77%         1
 Sandblast                Erth           0%           77%         1
 Sting                    Tmut/Pois      0%           77%         1
 Summon Small Mammal      Summ           0%           77%         1
 Blink                    Tloc           N/A          88%         2
 Call Imp                 Summ           0%           88%         2
 Corpse Rot               Necr/Air       N/A          88%         2
 Passwall                 Tmut/Erth      0%           88%         2
 Poisonous Vapours        Pois/Air       0%           88%         2
 Slow                     Hex            0%           88%         2
 Sublimation of Blood     Necr           0%           88%         2
 Call Canine Familiar     Summ           0%           98%         3
 Confusing Touch          Hex            0%           98%         3
 Conjure Flame            Conj/Fire      0%           98%         3
 Frozen Ramparts          Ice            0%           98%         3
 Ignite Poison            Fire/Tmut/Pois 0%           98%         3
 Inner Flame              Hex/Fire       0%           98%         3
 Mephitic Cloud           Conj/Pois/Air  0%           98%         3
 Ozocubu's Armour         Ice            0%           98%         3
 Portal Projectile        Hex/Tloc       0%           98%         3
 Static Discharge         Conj/Air       0%           98%         3
 Stone Arrow              Conj/Erth      0%           98%         3
 Summon Guardian Golem    Hex/Summ       0%           98%         3
 Tukima's Dance           Hex            0%           98%         3
 Vampiric Draining        Necr           0%           98%         3
 Animate Dead             Necr           0%           100%        4
 Cause Fear               Hex            0%           100%        4
 Dispel Undead            Necr           0%           100%        4
 Ice Form                 Ice/Tmut       0%           100%        4
 Leda's Liquefaction      Hex/Erth       0%           100%        4
 Olgreb's Toxic Radiance  Pois           0%           100%        4
 Petrify                  Tmut/Erth      0%           100%        4
 Summon Ice Beast         Ice/Summ       0%           100%        4
 Summon Lightning Spire   Summ/Air       0%           100%        4
 Agony                    Necr           0%           100%        5
 Bolt of Magma            Conj/Fire/Erth 0%           100%        5
 Excruciating Wounds      Necr           0%           100%        5
 Fireball                 Conj/Fire      0%           100%        5
 Irradiate                Conj/Tmut      0%           100%        5
 Iskenderun's Battlesphe  Conj           0%           100%        5
 Lee's Rapid Deconstruct  Erth           0%           100%        5
 Lightning Bolt           Conj/Air       0%           100%        5
 Metabolic Englaciation   Hex/Ice        0%           100%        5
 Summon Demon             Summ           0%           100%        5
 Summon Forest            Summ/Tloc      0%           100%        5
 Summon Mana Viper        Hex/Summ       0%           100%        5
 Death Channel            Necr           0%           100%        6
 Dispersal                Tloc           0%           100%        6
 Eringya's Noxious Bog    Tmut/Pois      0%           100%        6
 Freezing Cloud           Conj/Ice/Air   0%           100%        6
 Hydra Form               Tmut           0%           100%        6
 Invisibility             Hex            0%           100%        6
 Iron Shot                Conj/Erth      0%           100%        6
 Ozocubu's Refrigeration  Ice            0%           100%        6
 Shadow Creatures         Summ           N/A          100%        6
 Simulacrum               Ice/Necr       0%           100%        6
 Starburst                Conj/Fire      0%           100%        6
 Statue Form              Tmut/Erth      0%           100%        6
 Dragon Form              Tmut           0%           100%        7
 Malign Gateway           Summ/Tloc      0%           100%        7
 Orb of Destruction       Conj           0%           100%        7
 Spellforged Servitor     Conj/Summ      0%           100%        7
 Summon Hydra             Summ           0%           100%        7
 Ignition                 Fire           0%           100%        8


Dungeon Overview and Level Annotations

Branches:
Dungeon (15/15)            Temple (1/1) D:6            Lair (6/6) D:9
  Swamp (4/4) Lair:2       Spider (4/4) Lair:4          Orc (2/2) D:12
    Elf (3/3) Orc:2        Vaults (5/5) D:13          Crypt (0/3) Vaults:2
 Depths (5/5) D:15            Zot (5/5) Depths:5    Gauntlet (visited)
  Slime: Lair:5-6

Altars:
Ashenzari
Cheibriados
Dithmenos
Elyvilon
Fedhas
Gozag
Hepliaklqana
Kikubaaqudgha
Makhleb
Nemelex Xobeh
Okawaru
Qazlal
Ru
Sif Muna
Trog
Uskayaw
Vehumet
Wu Jian
Xom
Yredelemnul
Zin
The Shining One

Shops:
D:12 *   Orc:2 *}[:   Elf:1 (   Vaults:1 !   Depths:1 *

Portals:
Hell: Depths:1 Depths:2 Depths:3 Depths:4 Depths:5
Abyss: Depths:3 Depths:4
Pandemonium: Depths:1 Depths:3
Ziggurat: Depths:3

Annotations:
D:7 ice guy fly, exclusion: ice statue
Lair:6 exclusion: 8 oklob plants
Zot:5 exclusion: obsidian statue


Innate Abilities, Weirdness & Mutations

You reflexively headbutt those who attack you in melee.
You have a pair of horns on your head.
You have sharp fingernails.
You are partially covered in yellow scales. (AC +2)
You are strong-willed. (Will+)


Message History

Okay, then.
Blink to where?
Press: ? - help, Dir - move target
As you read the scroll of blinking, it crumbles to dust.
You hear a deafening roar!
The storm dragon rages.
You hear a loud "Zot"!
The power of Zot is invoked against you!
You feel weak-willed.
Okay, then.
You feel yourself speed up.
You hear a loud "Zot"!
The power of Zot is invoked against you!
The vortex of raging winds lifts you up.
You fly up into the air.
A huge vortex of air appears!
You feel like a meek peon again.
* * * LOW HITPOINT WARNING * * *
As you read the scroll of fog, it crumbles to dust.
The scroll dissolves into smoke.
You are engulfed in raging winds.
You die...

#.......####.................#
##########▓▓ ########.########▓▓
.......^.## #.............^.#
..........## ##.............##
..^........## #.............# #
............# ##..)........## #
............# #§§§........# #
...(.......X# ##§§§........## #
.....2.....D# #@§§§§........# #
^..^L8WW....# ##D§§..........## #
§....p......###§v§....^...^...###
........WL.###§§§###########...##
.L.....yL.##.§§§## ##....
D.^.WD.WX.X^X§### ###..
p##▓▓▓▓▓▓▓▓▓▓▓# #▓▓
...,,,,,,,**** **
.....,^,,^,,,*** ***,


You could see a twister (summoned, tornado), a storm dragon (berserk) and an Orb
Guardian.

Vanquished Creatures
  Mara (Vaults:2)
  2 ancient liches
  2 Killer Klowns
  3 caustic shrikes
  4 curse toes
  The ghost of Wufom the Spry, a master KoBr of Dithmenos (Depths:5)
  The ghost of Tasote the Victor of a Thousand Battles, a veteran GnWn of Okawaru (Depths:5)
  The ghost of Zoiluhuo the Slayer, an adept MiFi of Okawaru (Elf:1)
  The ghost of Keacayg the Unseen, a veteran KoEn of Dithmenos (Depths:5)
  The ghost of Jophoofa the Warrior, an adept DgCj (Depths:5)
  The ghost of Bouff the Warrior, an adept DgCj (Depths:5)
  9 golden dragons
  2 electric golems
  11 tentacled monstrosities
  10 Orb Guardians (Zot:5)
  Rupert (D:13)
  Jorgrun (D:13)
  3 titans
  The ghost of Zeph the Severer, an adept NaFi of Cheibriados (Depths:5)
  6 liches
  A deep elf blademaster (Elf:3)
  Asterion (Vaults:3)
  2 deep elf master archers (Elf:3)
  9 quicksilver dragons
  8 death cobs
  4 sphinxes
  The ghost of Yxzaoceu the Whirler, an adept HaHu of Okawaru (Depths:5)
  The ghost of Biocos the Whirler, an adept HaHu of Okawaru (Depths:5)
  6 tengu reavers
  Frances (Swamp:2)
  2 thorn hunters (Swamp:4)
  18 shadow dragons
  The ghost of Asceticacid the Blocker, a journeyman TrDe of Qazlal (Spider:1)
  14 storm dragons
  5 draconian monks
  Donald (Spider:3)
  11 fire giants
  An azure jelly (Zot:4)
  A fenstrider witch (Swamp:4)
  The ghost of Ahimyadi the Severer, a journeyman NaWn of Gozag (Elf:1)
  7 iron dragons
  2 balrugs
  12 frost giants
  The ghost of Haplu the Cleaver, a journeyman HOFi of Beogh (Elf:1)
  7 ghost moths
  A ghost moth (shapeshifter) (Depths:2)
  9 deep elf sorcerers
  A ghoul (Vaults:4)
  A cacodemon (Depths:3)
  7 emperor scorpions
  An orc warlord (Orc:2)
  12 vault wardens
  7 draconian knights
  5 deep elf elementalists (Elf:3)
  The ghost of Zonian the Destroyer, an adept TeCj of Nemelex Xobeh (Spider:2)
  A juggernaut zombie (Depths:3)
  3 draconian scorchers
  6 draconian shifters
  20 ironheart preservers
  14 very ugly things
  6 draconian annihilators
  3 draconian stormcallers (Zot:4)
  36 stone giants
  3 spriggan defenders
  A war gargoyle (Vaults:5)
  9 vampire knights
  3 deep elf demonologists (Elf:3)
  A minotaur (Gauntlet)
  14 purple draconians
  10 black draconians
  8 green draconians
  16 spark wasps
  A lorocyproca (Depths:1)
  7 bunyips
  7 white draconians
  10 deep elf annihilators
  4 entropy weavers
  19 yellow draconians
  7 red draconians
  18 ettins
  2 eleionomae
  9 deep elf death magi
  An ettin (shapeshifter) (Depths:2)
  22 fire dragons
  6 deep elf high priests
  19 yaktaur captains
  2 jiangshi (Depths:5)
  38 vault guards
  Harold (D:9)
  20 ice dragons
  A shambling mangrove (Swamp:4)
  9 boulder beetles
  23 hydras
  7 rakshasas
  11 great orbs of eyes
  11 spriggan air magi
  13 centaur warriors
  2 ghost crabs
  A catoblepas (shapeshifter) (Depths:2)
  A queen ant (Lair:6)
  2 catoblepae
  23 ogre magi
  26 dancing weapons
  2 death knights
  12 tengu warriors
  45 two-headed ogres
  10 deep troll earth magi
  6 alligators
  10 deep troll shamans
  7 vampire magi
  8 spriggan berserkers
  5 death yaks
  A shock serpent (shapeshifter) (Vaults:2)
  5 orc high priests (Orc:2)
  Urug (D:12)
  A small abomination (Elf:3)
  A soul eater (Depths:1)
  2 sun demons (Depths:1)
  34 deep elf knights
  2 sixfirhies
  7 iron trolls
  A deep troll (shapeshifter) (Vaults:5)
  4 goliath frogs
  6 glowing orange brains
  5 hell knights
  An unseen horror (Vaults:1)
  An unseen horror (shapeshifter) (Vaults:2)
  12 skeletal warriors
  5 spriggan druids
  19 deep trolls
  2 shadow wraiths (Depths:1)
  A shadow dragon zombie (Vaults:5)
  10 bog bodies
  10 flayed ghosts
  20 deep elf archers
  A golden dragon skeleton (Depths:3)
  6 wizards
  6 swamp dragons
  3 harpies (Vaults:1)
  5 phantasmal warriors
  2 harpies (shapeshifter) (Depths:2)
  32 wolf spiders
  14 ironbrand convokers
  7 necromancers
  20 orc knights
  3 human zombies
  An orb spider (shapeshifter) (Vaults:1)
  Pikel (D:5)
  20 orb spiders
  2 orc sorcerers (Vaults:2)
  2 lindwurms
  A shining eye (Depths:3)
  69 deep elf magi
  2 will-o-the-wisps
  2 stone giant zombies (Depths:1)
  2 cyclopes
  A salamander (shapeshifter) (Vaults:2)
  A frost giant skeleton (Depths:3)
  51 ugly things
  29 moths of wrath
  A worldbinder (Gauntlet)
  A manticore (D:15)
  7 black mambas
  3 eyes of devastation (shapeshifter)
  12 vault sentinels
  A human skeleton (Vaults:4)
  A smoke demon (Depths:1)
  15 cane toads
  A stone giant skeleton (Vaults:4)
  11 elephants
  An eye of devastation (Depths:3)
  An elephant (shapeshifter) (Depths:5)
  3 molten gargoyles (Lair:6)
  2 torpor snails
  An ice statue (Gauntlet)
  2 yaktaur zombies (Depths:1)
  A rime drake (Gauntlet)
  A kobold demonologist (D:11)
  An elf skeleton (Vaults:5)
  A komodo dragon (shapeshifter) (Vaults:2)
  7 freezing wraiths
  A rime drake (shapeshifter) (Depths:4)
  A redback zombie (D:14)
  18 demonic crawlers
  2 hellwings
  52 yaktaurs
  An elf (Vaults:3)
  2 ice devils (D:15)
  16 komodo dragons
  A yaktaur skeleton (Vaults:4)
  2 polar bears
  11 trolls
  34 jumping spiders
  5 tyrant leeches
  4 tengu conjurers
  22 hornets
  3 polar bears (shapeshifter)
  3 meliai (Spider:2)
  2 jumping spiders (shapeshifter)
  Prince Ribbit (D:7)
  A raiju (shapeshifter) (D:15)
  2 hornets (shapeshifter)
  An ice dragon zombie (Depths:1)
  14 blink frogs
  19 slime creatures
  7 dream sheep (Lair:6)
  A dream sheep (shapeshifter) (Depths:2)
  23 tarantellas
  5 water elementals
  3 air elementals
  5 shadows
  Sigmund (D:4)
  14 wyverns
  74 redbacks
  An elf simulacrum (Depths:3)
  A yak (shapeshifter) (Vaults:2)
  42 yaks
  15 spriggans
  2 ynoxinuls
  10 wraiths
  2 hogs (shapeshifter)
  7 basilisks
  6 fire bats (D:14)
  4 fire elementals
  A golden eye (shapeshifter) (Elf:1)
  A yaktaur simulacrum (Vaults:2)
  A human (shapeshifter) (Depths:2)
  A steam dragon (D:13)
  A chaos spawn (Depths:3)
  A human simulacrum (Vaults:1)
  9 vampire mosquitoes
  2 acid dragons (Vaults:2)
  11 wargs
  4 hell hounds (Lair:6)
  12 swamp worms
  24 soldier ants (Lair:6)
  16 water moccasins
  A floating eye (Depths:3)
  4 ice beasts
  5 swamp drakes (Swamp:4)
  64 orc warriors
  6 sky beasts
  2 hornet zombies
  3 black bears
  A necrophage (D:15)
  2 eyes of draining
  19 centaurs
  44 ogres
  11 boggarts
  An ettin simulacrum (Vaults:3)
  4 phantoms
  5 big kobolds
  24 bullfrogs
  2 earth elementals
  A gnoll sergeant (D:8)
  A wyvern zombie (D:9)
  A scorpion (D:9)
  A water moccasin skeleton (D:9)
  25 killer bees
  A vampire bat (Lair:2)
  5 wights (D:7)
  2 electric eels
  2 crimson imps (Depths:1)
  4 lava snakes (Lair:6)
  A bullfrog zombie (D:8)
  2 quasits
  3 centaur zombies
  5 jellies
  22 orc priests
  10 hounds
  A bullfrog skeleton (D:10)
  6 centaur skeletons
  46 orc wizards
  An iron imp (Depths:1)
  4 iguanas
  27 worker ants
  7 gnolls
  9 adders
  5 shadow imps
  6 white imps
  2 ufetubi
  5 oozes (D:9)
  An adder skeleton (D:7)
  A worm (D:4)
  5 dart slugs
  7 leopard geckos
  117 orcs
  54 bats
  3 giant cockroaches
  13 goblins
  9 hobgoblins
  15 jackals
  4 quokkas
  A ball python (D:2)
  4 frilled lizards
  A giant cockroach zombie (D:6)
  A jackal skeleton (D:4)
  13 kobolds
  2 leopard gecko skeletons
  11 rats
  7 crawling corpses
  A withered plant (Elf:1)
2513 creatures vanquished.

Vanquished Creatures (others)
  A draconian scorcher (Zot:4)
  A ghost moth (Zot:4)
  A draconian annihilator (Zot:4)
  A bunyip (Swamp:4)
  A hydra (Swamp:4)
  A vampire mage (Depths:3)
  A deep elf knight (Elf:1)
  A spriggan (Swamp:3)
  A deep elf mage (Elf:1)
  An orb spider (Spider:3)
  A wizard (D:3)
  A wolf spider (Spider:4)
  A komodo dragon (shapeshifter) (Vaults:3)
  A demonic crawler (Spider:2)
  5 bloated husks
  A hornet (Swamp:3)
  A tarantella (Spider:3)
  A swamp drake (Swamp:4)
  3 boggarts (Depths:3)
  An ogre (Depths:1)
  2 briar patches (Swamp:4)
  4 demonic plants (Gauntlet)
  10 foxfires (Swamp:2)
  28 fungi
  57 plants
  3 withered plants (Elf:1)
130 creatures vanquished.

Grand Total: 2643 creatures vanquished

Notes
Turn   | Place    | Note
-------+----------+-------------------------------------------
     0 | D:1      | mhtbhm the Minotaur Fighter began the quest for the Orb.
     0 | D:1      | Reached XP level 1. HP: 19/19 MP: 0/0
    97 | D:1      | Reached XP level 2. HP: 27/27 MP: 1/1
   411 | D:1      | Reached XP level 3. HP: 28/34 MP: 2/2
   774 | D:2      | Found a snail-covered altar of Cheibriados.
   790 | D:2      | Reached XP level 4. HP: 36/41 MP: 3/3
  1004 | D:2      | Found a shimmering altar of Xom.
  1329 | D:3      | Reached skill level 5 in Fighting
  1329 | D:3      | Reached XP level 5. HP: 47/48 MP: 4/4
  1829 | D:3      | Found a bloodstained altar of Trog.
  1831 | D:3      | Noticed a wizard
  1835 | D:3      | Killed a wizard
  2008 | D:3      | Found a white marble altar of Elyvilon.
  2099 | D:3      | You fall into a shaft and drop 2 floors!
  2099 | D:5      | Entered Level 5 of the Dungeon
  2312 | D:5      | Noticed a centaur
  2320 | D:5      | Killed a centaur
  2321 | D:5      | Reached skill level 5 in Axes
  2321 | D:5      | Reached skill level 1 in Dodging
  2321 | D:5      | Reached XP level 6. HP: 31/56 MP: 5/5
  2478 | D:5      | Noticed Pikel
  2490 | D:5      | Killed Pikel
  2491 | D:5      | Reached skill level 5 in Armour
  2491 | D:5      | Reached skill level 1 in Stealth
  2491 | D:5      | Reached XP level 7. HP: 24/62 MP: 6/6
  2768 | D:5      | Reached skill level 5 in Shields
  3656 | D:4      | Found a bloodstained altar of Trog.
  3757 | D:4      | Noticed Sigmund
  3764 | D:4      | Killed Sigmund
  3765 | D:4      | Reached XP level 8. HP: 69/70 MP: 7/7
  4453 | D:6      | Found a staircase to the Ecumenical Temple.
  4525 | Temple   | Entered the Ecumenical Temple
  5282 | D:7      | Reached XP level 9. HP: 71/79 MP: 8/8
  5382 | D:7      | Noticed Prince Ribbit
  5433 | D:7      | Noticed an ice statue
  5727 | D:7      | Reached skill level 10 in Axes
  5742 | D:7      | Found a sparkling altar of Nemelex Xobeh.
  5749 | D:7      | Killed Prince Ribbit
  5815 | D:7      | Found a glowing silver altar of Zin.
  6819 | D:9      | Found an ancient bone altar of Kikubaaqudgha.
  6829 | D:9      | Reached XP level 10. HP: 72/88 MP: 9/9
  7010 | D:9      | Found an opulent altar of Gozag.
  7333 | D:9      | Noticed Harold
  7352 | D:9      | Killed Harold
  7413 | D:9      | Found a staircase to the Lair.
  7640 | D:9      | Found a radiant altar of Vehumet.
  7712 | D:9      | Found an iron altar of Okawaru.
  7717 | D:9      | Found a broken altar of Ashenzari.
  7726 | D:9      | Became a worshipper of Warmaster Okawaru
  8126 | Lair:1   | Entered Level 1 of the Lair of Beasts
  8126 | Lair:1   | Noticed a cane toad
  8130 | Lair:1   | Noticed a cane toad
  8137 | Lair:1   | Killed a cane toad
  8137 | Lair:1   | Killed a cane toad
  8138 | Lair:1   | Reached skill level 10 in Shields
  8138 | Lair:1   | Reached XP level 11. HP: 77/99 MP: 10/10
  8330 | Lair:1   | Reached * piety under Okawaru
  8409 | Lair:1   | Reached skill level 10 in Fighting
  8902 | Lair:1   | Reached ** piety under Okawaru
  9482 | Lair:2   | Noticed a five-headed hydra
  9491 | Lair:2   | Killed an eight-headed hydra
  9812 | Lair:2   | Noticed a boulder beetle
  9813 | Lair:2   | Noticed a four-headed hydra
  9826 | Lair:2   | Killed a boulder beetle
  9827 | Lair:2   | Reached skill level 1 in Evocations
  9861 | Lair:2   | HP: 2/101 [cane toad (20)]
 10318 | Lair:2   | Reached skill level 10 in Armour
 10437 | Lair:2   | Killed a ten-headed hydra
 10437 | Lair:2   | Reached *** piety under Okawaru
 10627 | Lair:2   | Found a staircase to the Swamp.
 11178 | Lair:3   | Reached **** piety under Okawaru
 11183 | Lair:3   | Noticed a catoblepas
 11200 | Lair:3   | Killed a catoblepas
 11201 | Lair:3   | Reached XP level 12. HP: 77/108 MP: 11/11
 11399 | Lair:3   | Noticed a five-headed hydra
 11405 | Lair:3   | Killed a seven-headed hydra
 12106 | Lair:3   | Reached ***** piety under Okawaru
 12997 | Lair:4   | Noticed a death yak
 13001 | Lair:4   | Noticed a death yak
 13002 | Lair:4   | Noticed a death yak
 13002 | Lair:4   | Noticed a death yak
 13015 | Lair:4   | Reached skill level 15 in Axes
 13025 | Lair:3   | Killed a death yak
 13169 | Lair:4   | Killed a death yak
 13175 | Lair:4   | Killed a death yak
 13178 | Lair:4   | Killed a death yak
 13192 | Lair:4   | Received a gift from Okawaru
 13576 | Lair:4   | Noticed a death yak
 13581 | Lair:4   | Killed a death yak
 13582 | Lair:4   | Reached XP level 13. HP: 116/116 MP: 12/12
 14103 | Lair:4   | Found a hole to the Spider Nest.
 14918 | Lair:5   | Reached ****** piety under Okawaru
 14923 | Lair:5   | Received a gift from Okawaru
 15317 | Lair:6   | Entered Level 6 of the Lair of Beasts
 15978 | Lair:6   | Noticed an entropy weaver
 16108 | Lair:6   | Killed an entropy weaver
 16317 | Lair:6   | Noticed an entropy weaver
 16330 | Lair:6   | Killed an entropy weaver
 17024 | Lair:6   | Reached XP level 14. HP: 117/127 MP: 13/13
 17188 | Lair:6   | Received a gift from Okawaru
 18052 | Lair:6   | Found a large runed translucent door.
 18053 | Lair:6   | Found a large runed translucent door.
 18685 | Lair:6   | Gained mutation: You evolve. [potion of mutation]
 18686 | Lair:6   | Lost mutation: You evolve. [potion of mutation]
 18686 | Lair:6   | Gained mutation: You are partially covered in yellow
                  | scales. (AC +2) [potion of mutation]
 18686 | Lair:6   | Gained mutation: You are strong-willed. (Will+) [potion of
                  | mutation]
 18686 | Lair:6   | Gained mutation: You have sharp fingernails. [potion of
                  | mutation]
 18972 | D:10     | Entered Level 10 of the Dungeon
 20461 | D:11     | Found a portal to a secret trove of treasure.
 20646 | Trove    | Entered a treasure trove
 20653 | Trove    | Found the +10 tower shield of Ignorance {rN+ Int-4}
 20683 | Trove    | Got a smouldering kite shield
 20689 | Trove    | Identified the +2 kite shield "Jano" {*Drain Will+ Regen+
                  | Dex+2} (You found it in a treasure trove)
 20692 | Trove    | Got a pair of bloodstained boots
 20698 | Trove    | Got a distressingly furry plate armour
 20702 | Trove    | Got a pair of brightly glowing boots
 20710 | Trove    | Got a faintly humming cloak
 20712 | Trove    | Got a pair of ichor-stained gloves
 20764 | D:11     | Identified the +3 pair of boots "Pib Fizu" {rElec rN+} (You
                  | found it in a treasure trove)
 20776 | D:11     | Identified the +5 plate armour "Adocenn" {rC+} (You found
                  | it in a treasure trove)
 20786 | D:11     | Identified the +0 pair of boots of the Constellations {rF+
                  | rCorr} (You found it in a treasure trove)
 20814 | D:11     | Identified the +2 cloak "Rois" {rElec} (You found it in a
                  | treasure trove)
 20824 | D:11     | Identified the +3 pair of gloves "Koats" {rElec Int+4 Dex+3
                  | Stlth-} (You found it in a treasure trove)
 21280 | D:12     | Found Esez's Elemental Accessories.
 21371 | D:12     | Found a staircase to the Orcish Mines.
 21509 | D:12     | Noticed Urug
 21517 | D:12     | Killed Urug
 21546 | Orc:1    | Entered Level 1 of the Orcish Mines
 22277 | Orc:2    | Entered Level 2 of the Orcish Mines
 22304 | Orc:2    | Noticed an orc warlord
 22356 | Orc:2    | Killed an orc warlord
 22357 | Orc:2    | Reached skill level 1 in Throwing
 22421 | Orc:2    | Found a gate leading to a gauntlet.
 22430 | Gauntlet | Entered a Gauntlet
 22430 | Gauntlet | Found a transporter.
 22430 | Gauntlet | Found a transporter.
 22436 | Gauntlet | Found a transporter.
 22451 | Gauntlet | Found a transporter.
 22468 | Gauntlet | Found a transporter.
 22468 | Gauntlet | Found a transporter.
 22470 | Gauntlet | Found a transporter.
 22473 | Gauntlet | Found a transporter.
 22473 | Gauntlet | Found a transporter.
 22477 | Gauntlet | Found a runed translucent door.
 22477 | Gauntlet | Found a runed translucent door.
 22493 | Gauntlet | Found a transporter.
 22512 | Gauntlet | Found a transporter.
 22522 | Gauntlet | Found a transporter.
 22522 | Gauntlet | Noticed a balrug
 22537 | Gauntlet | Found a transporter.
 22572 | Gauntlet | Found a transporter.
 22626 | Gauntlet | Got a bloodstained cloak
 22637 | Gauntlet | Identified the cursed +0 cloak "Roseul" {rElec Will++
                  | Str+5} (You found it in a Gauntlet)
 22740 | Gauntlet | Killed a balrug
 22750 | Gauntlet | Got a warped zirconium amulet
 22767 | Gauntlet | Identified the amulet "Ytyuhum" {Acrobat +Blink +Inv rElec
                  | Dex-2} (You found it in a Gauntlet)
 22816 | Gauntlet | Identified the ring of Spite {*Tele rF+ rN+}
 22842 | Gauntlet | Identified Xuutsic's Grimoire of Beguiling
 22850 | Gauntlet | Identified the Grimoire of Transmutation
 23032 | Orc:2    | Found a staircase to the Elven Halls.
 23116 | Orc:2    | Reached XP level 15. HP: 65/119 MP: 14/14
 23501 | Orc:2    | Reached skill level 15 in Shields
 23966 | Orc:2    | Found Ideikit's Armour Emporium.
 23966 | Orc:2    | Found Iqiam's Book Emporium.
 23967 | Orc:2    | Found Toakkoboi's Assorted Antiques.
 23967 | Orc:2    | Found Godd's Gadget Shoppe.
 23981 | Orc:2    | Bought a condenser vane for 520 gold pieces
 23985 | Orc:2    | Bought a potion of heal wounds for 125 gold pieces
 23985 | Orc:2    | Bought a scroll of blinking for 187 gold pieces
 23985 | Orc:2    | Bought a scroll of teleportation for 75 gold pieces
 23985 | Orc:2    | Bought a twitching silver amulet for 125 gold pieces
 23985 | Orc:2    | Bought a potion of berserk rage for 125 gold pieces
 23995 | Orc:2    | Identified the amulet of the Villain {rF++ Regen+} (You
                  | bought it in a shop on level 2 of the Orcish Mines)
 24612 | Elf:1    | Entered Level 1 of the Elven Halls
 24638 | Elf:1    | Identified a scroll of acquirement
 24655 | Elf:1    | Acquired the ring of Reimbursement {+Blink rF+ Str+5 SInv}
 25581 | Elf:1    | Found Neil's Weapon Emporium.
 25669 | Elf:1    | Found a runed translucent gate.
 25669 | Elf:1    | Found a runed translucent gate.
 25669 | Elf:1    | Found a runed translucent gate.
 25669 | Elf:1    | Noticed Haplu's ghost (journeyman HOFi)
 25669 | Elf:1    | Noticed Zoiluhuo's ghost (adept MiFi)
 25670 | Elf:1    | Noticed Ahimyadi's ghost (journeyman NaWn)
 25738 | Elf:1    | Killed Zoiluhuo's ghost
 25738 | Elf:1    | Received a gift from Okawaru
 25748 | Elf:1    | Killed Ahimyadi's ghost
 25748 | Elf:1    | Received a gift from Okawaru
 25764 | Elf:1    | Killed Haplu's ghost
 25940 | Elf:1    | Reached skill level 15 in Fighting
 26130 | Elf:2    | Reached XP level 16. HP: 148/149 MP: 15/15
 26257 | Elf:2    | Found a runed translucent gate.
 26531 | Elf:2    | Found a runed translucent gate.
 26532 | Elf:2    | Found a runed translucent gate.
 26696 | Elf:2    | Received a gift from Okawaru
 27013 | Elf:3    | Entered Level 3 of the Elven Halls
 27089 | Elf:3    | Received a gift from Okawaru
 27093 | Elf:3    | Got a bone hand axe {god gift}
 27094 | Elf:3    | Identified the +8 hand axe "Rieclum" {vorpal, rPois Will+
                  | Int+4} (Okawaru gifted it to you on level 3 of the Elven
                  | Halls)
 27388 | Elf:3    | Found a shimmering blue altar of Sif Muna.
 27639 | Elf:3    | Noticed a Hell Sentinel
 28159 | Elf:3    | Noticed a deep elf blademaster
 28171 | Elf:3    | Noticed a deep elf master archer
 28172 | Elf:3    | Identified the cursed +0 mace of Cistyitz {venom, rF+ rN+
                  | MP-9}
 28175 | Elf:3    | Killed a deep elf master archer
 28199 | Elf:3    | Received a gift from Okawaru
 28209 | Elf:3    | Reached XP level 17. HP: 85/162 MP: 16/16
 28232 | Elf:3    | Noticed a deep elf master archer
 28289 | Elf:3    | Identified the Grimoire of the Glacier and Feathers
 28515 | Elf:3    | Identified the +9 falchion of Victory {drain, Int+3}
 28515 | Elf:3    | Identified the ring "Qegerph" {rElec rC+ Str+4}
 28707 | Elf:3    | Killed a deep elf blademaster
 28853 | Elf:3    | Identified the Handbook of Dust
 28919 | Elf:3    | Killed a deep elf master archer
 29489 | Elf:1    | Received a gift from Okawaru
 30344 | D:13     | Found a gate to the Vaults.
 30451 | D:13     | Noticed Jorgrun
 30457 | D:13     | Killed Jorgrun
 30604 | D:13     | Received a gift from Okawaru
 30845 | D:13     | Noticed Rupert
 30855 | D:13     | Killed Rupert
 31299 | Lair:1   | You fall into a shaft and drop 1 floor!
 31361 | Swamp:1  | Entered Level 1 of the Swamp
 31529 | Swamp:1  | Reached XP level 18. HP: 166/174 MP: 17/17
 31539 | Swamp:1  | Reached skill level 5 in Dodging
 31552 | Swamp:1  | Received a gift from Okawaru
 31613 | Swamp:1  | Found a glowing golden altar of the Shining One.
 32082 | Swamp:2  | Noticed Frances
 32090 | Swamp:2  | Killed Frances
 32181 | Swamp:2  | Got a slimy jade ring
 32246 | Swamp:2  | Got a transparent scale mail
 32257 | Swamp:2  | Identified the +1 scale mail of Bamaigy {rF+ rC- Str+3}
                  | (You found it on level 2 of the Swamp)
 33215 | Swamp:3  | Identified the ring "Voull" {Ice +Inv Str+5 Slay-3} (You
                  | found it on level 2 of the Swamp)
 33487 | Swamp:4  | Entered Level 4 of the Swamp
 33542 | Swamp:4  | Received a gift from Okawaru
 33545 | Swamp:4  | Got a pitted war axe {god gift}
 33546 | Swamp:4  | Identified the +4 war axe of Balance {freeze, rN+ Will+
                  | Dex-5} (Okawaru gifted it to you on level 4 of the Swamp)
 33715 | Swamp:4  | Reached skill level 15 in Armour
 34450 | Swamp:4  | Got a decaying rune of Zot
 34926 | Spider:1 | Entered Level 1 of the Spider Nest
 35053 | Spider:1 | Found a transporter.
 35053 | Spider:1 | Noticed Asceticacid's ghost (journeyman TrDe)
 35054 | Spider:1 | Found a transporter.
 35099 | Spider:1 | Received a gift from Okawaru
 35111 | Spider:1 | Killed Asceticacid's ghost
 35715 | Spider:1 | Reached XP level 19. HP: 183/183 MP: 18/18
 36406 | Spider:2 | Found a runed translucent gate.
 36411 | Spider:2 | Found a runed translucent gate.
 36412 | Spider:2 | Found a runed translucent gate.
 36413 | Spider:2 | Noticed Zonian's ghost (adept TeCj)
 36580 | Spider:2 | Killed Zonian's ghost
 36653 | Spider:2 | Got a pair of ichor-stained gloves
 36664 | Spider:2 | Identified the cursed +0 pair of gloves of Jigsaw {rN+}
                  | (You found it on level 2 of the Spider Nest)
 36888 | Spider:3 | Received a gift from Okawaru
 36890 | Spider:3 | Noticed Donald
 36909 | Spider:3 | Killed Donald
 36922 | Spider:3 | Got a pair of warped gloves {god gift}
 36933 | Spider:3 | Identified the +3 pair of gloves "Bokuhaytz" {Rampage Int+3
                  | Dex-4} (Okawaru gifted it to you on level 3 of the Spider
                  | Nest)
 37024 | Spider:3 | Got a polished chain mail
 37035 | Spider:3 | Identified the +5 chain mail of the Guild-Master {rN+
                  | Slay+3} (You found it on level 3 of the Spider Nest)
 37480 | Spider:4 | Entered Level 4 of the Spider Nest
 37956 | Spider:4 | Got a gossamer rune of Zot
 38947 | Vaults:1 | Entered Level 1 of the Vaults
 38999 | Vaults:1 | Received a gift from Okawaru
 39175 | Vaults:1 | Found a white marble altar of Elyvilon.
 39275 | Vaults:1 | Reached XP level 20. HP: 193/193 MP: 19/19
 39410 | Vaults:1 | Found Wunum's Distillery.
 40050 | Vaults:1 | Received a gift from Okawaru
 40602 | Vaults:2 | Found a staircase to the Crypt.
 40634 | Vaults:2 | Noticed Mara
 40645 | Vaults:2 | Noticed mhtbhm's illusion
 40689 | Vaults:2 | Reached skill level 1 in Invocations
 40700 | Vaults:2 | Noticed mhtbhm's illusion
 40741 | Vaults:2 | Killed Mara
 41764 | Vaults:2 | Received a gift from Okawaru
 41823 | Vaults:2 | Reached XP level 21. HP: 164/204 MP: 20/20
 42324 | Vaults:3 | Received a gift from Okawaru
 42465 | Vaults:3 | Found an ornate altar of the Wu Jian Council.
 42474 | Vaults:3 | Noticed Asterion
 42481 | Vaults:3 | Killed Asterion
 43040 | Vaults:3 | Received a gift from Okawaru
 43844 | Vaults:4 | Received a gift from Okawaru
 43866 | Vaults:4 | Got a twisted hand axe {god gift}
 43867 | Vaults:4 | Identified the +8 hand axe of Risk Management {freeze, rF+
                  | Int+4} (Okawaru gifted it to you on level 4 of the Vaults)
 44201 | Vaults:4 | Received a gift from Okawaru
 44546 | Vaults:4 | Reached XP level 22. HP: 174/217 MP: 21/21
 44745 | Vaults:4 | You fall into a shaft and drop 1 floor!
 44745 | Vaults:5 | Entered Level 5 of the Vaults
 44793 | Vaults:5 | Identified the +5 hand axe "Baewyske" {freeze, +Inv rC+
                  | Int-5}
 45117 | Vaults:5 | Noticed a golden dragon
 45132 | Vaults:5 | Killed a golden dragon
 45275 | Vaults:5 | Noticed an ancient lich
 45282 | Vaults:5 | Killed an ancient lich
 45282 | Vaults:5 | Received a gift from Okawaru
 45293 | Vaults:5 | Identified the +10 mace "Urecuic" {speed, rF+ rC- SInv}
 45391 | Vaults:5 | Identified the ring "Beapotum" {rCorr Int+4}
 45394 | Vaults:5 | Identified the +2 robe of Okawaru's Esteem {Rampage Str+2}
 45537 | Vaults:5 | Received a gift from Okawaru
 45540 | Vaults:5 | Got a faintly glowing hand axe {god gift}
 45541 | Vaults:5 | Identified the +5 hand axe of Noon {flame, Str+2} (Okawaru
                  | gifted it to you on level 5 of the Vaults)
 45728 | Vaults:5 | Identified Sif Muna's Incunabulum of Congealing Creation
 46053 | Vaults:5 | Got a silver rune of Zot
 47275 | D:14     | Found a runed translucent door.
 47332 | D:14     | Found a bloodstained altar of Trog.
 47381 | D:14     | Found a hide-covered altar of Uskayaw.
 47400 | D:14     | Found a broken altar of Ashenzari.
 47459 | D:14     | Found a glowing golden altar of the Shining One.
 47490 | D:14     | Found a white marble altar of Elyvilon.
 47507 | D:14     | Found a white marble altar of Elyvilon.
 47994 | D:15     | Entered Level 15 of the Dungeon
 48001 | D:15     | Reached XP level 23. HP: 228/228 MP: 23/23
 48032 | D:15     | Received a gift from Okawaru
 48216 | D:15     | Found a staircase to the Depths.
 48844 | Depths:1 | Entered Level 1 of the Depths
 48866 | Depths:1 | Found Mib Umy's Pet Rocks.
 48896 | Depths:1 | Reached skill level 5 in Stealth
 49042 | Depths:1 | Found the +11 plutonium sword {*Contam Stlth-}
 49408 | Depths:1 | Received a gift from Okawaru
 49471 | Depths:1 | Noticed an ancient lich
 49480 | Depths:1 | Killed an ancient lich
 49972 | Depths:1 | Found a gateway to Hell.
 50396 | Depths:1 | Found a one-way gate leading to the halls of Pandemonium.
 50460 | Depths:1 | Identified Sif Muna's Reference Book on Stolen Souls
 50736 | Depths:1 | Received a gift from Okawaru
 50861 | Depths:2 | Found an ancient bone altar of Kikubaaqudgha.
 50903 | Depths:2 | Found an iron altar of Okawaru.
 51133 | Depths:2 | Reached skill level 10 in Dodging
 51572 | Depths:2 | Received a gift from Okawaru
 51579 | Depths:2 | Got a sapphire war axe {god gift}
 51580 | Depths:2 | Identified the +4 war axe of Uncomfortable Rashes {drain,
                  | rF+ rN+ Will- Int+4} (Okawaru gifted it to you on level 2
                  | of the Depths)
 51667 | Depths:2 | Reached XP level 24. HP: 242/242 MP: 23/23
 52170 | Depths:2 | Found the +3 pair of gauntlets of War {Slay+5}
 52686 | Depths:2 | Found a runed translucent door.
 52687 | Depths:2 | Found a runed translucent door.
 52688 | Depths:2 | Found a runed translucent door.
 52880 | Depths:2 | Received a gift from Okawaru
 52883 | Depths:2 | Got a pair of heavily runed boots {god gift}
 53076 | Depths:2 | Reached skill level 27 in Axes
 53233 | Depths:2 | Acquired 1034 gold pieces
 53492 | Depths:2 | Found a runed translucent door.
 54258 | Depths:3 | Received a gift from Okawaru
 54259 | Depths:3 | Reached XP level 25. HP: 255/255 MP: 23/23
 54271 | Depths:3 | Reached skill level 27 in Fighting
 54373 | Depths:3 | Found a gateway to a ziggurat.
 54378 | Depths:3 | Paralysed by a floating eye for 3 turns
 54415 | Depths:3 | Paralysed by a floating eye for 3 turns
 54425 | Depths:3 | Paralysed by a floating eye for 3 turns
 54686 | Depths:3 | Identified the +1 pair of boots of the Moneychanger
                  | {Regen+} (Okawaru gifted it to you on level 2 of the
                  | Depths)
 54722 | Depths:3 | Found a one-way gate to the infinite horrors of the Abyss.
 54759 | Depths:3 | Identified the +5 battleaxe of Varch {pain, Str+3 Dex+5}
                  | (You found it on level 3 of the Depths)
 55159 | Depths:4 | Received a gift from Okawaru
 55469 | Depths:4 | Received a gift from Okawaru
 55705 | Depths:4 | Identified the Catalogue of the Supportive Arsonist
 55713 | Depths:4 | Received a gift from Okawaru
 55715 | Depths:4 | Identified Muth's Disquisition on the Displaced Oath
 56081 | Depths:5 | Entered Level 5 of the Depths
 56152 | Depths:5 | Found a gate to the Realm of Zot.
 56157 | Depths:5 | Reached skill level 15 in Dodging
 56435 | Depths:5 | Found a huge runed gate.
 56435 | Depths:5 | Found a huge runed gate.
 56435 | Depths:5 | Found a huge runed gate.
 56435 | Depths:5 | Found a huge runed gate.
 56435 | Depths:5 | Found a huge runed gate.
 56435 | Depths:5 | Found a huge runed gate.
 56435 | Depths:5 | Found a huge runed gate.
 56436 | Depths:5 | Found a huge runed gate.
 56470 | Depths:5 | Noticed Keacayg's ghost (veteran KoEn)
 56470 | Depths:5 | Noticed Yxzaoceu's ghost (adept HaHu)
 56470 | Depths:5 | Noticed Wufom's ghost (master KoBr)
 56470 | Depths:5 | Noticed Zeph's ghost (adept NaFi)
 56474 | Depths:5 | Noticed Tasote's ghost (veteran GnWn)
 56474 | Depths:5 | Noticed Jophoofa's ghost (adept DgCj)
 56474 | Depths:5 | Noticed Biocos's ghost (adept HaHu)
 56474 | Depths:5 | Noticed Bouff's ghost (adept DgCj)
 56493 | Depths:5 | Killed Keacayg's ghost
 56496 | Depths:5 | Killed Tasote's ghost
 56497 | Depths:5 | Killed Biocos's ghost
 56498 | Depths:5 | Reached XP level 26. HP: 227/266 MP: 23/23
 56508 | Depths:5 | Killed Zeph's ghost
 56508 | Depths:5 | Received a gift from Okawaru
 56517 | Depths:5 | Killed Jophoofa's ghost
 56517 | Depths:5 | Killed Bouff's ghost
 56522 | Depths:5 | Killed Yxzaoceu's ghost
 56522 | Depths:5 | Killed Wufom's ghost
 56532 | Depths:5 | Got a vibrating bronze amulet
 56543 | Depths:5 | Got a pair of dazzling boots
 56554 | Depths:5 | Identified the +1 pair of boots of the Game Afoot {Dex+2}
                  | (You found it on level 5 of the Depths)
 56653 | Depths:5 | Got an ancient war axe
 56654 | Depths:5 | Identified the +7 war axe of Victory {freeze, rPois rC++
                  | Int+2 Dex-3} (You found it on level 5 of the Depths)
 57184 | Zot:1    | Entered Level 1 of the Realm of Zot
 57408 | Zot:1    | Identified the amulet of Puit Asea {Inacc rF+} (You found
                  | it on level 5 of the Depths)
 57717 | Zot:1    | You fall into a shaft and drop 1 floor!
 57946 | Zot:2    | Received a gift from Okawaru
 58372 | Zot:2    | Received a gift from Okawaru
 58594 | Zot:1    | Received a gift from Okawaru
 59204 | Zot:3    | Found a radiant altar of Vehumet.
 59267 | Zot:3    | You fall into a shaft and drop 1 floor!
 59338 | Zot:4    | Received a gift from Okawaru
 59520 | Zot:4    | Reached XP level 27. HP: 273/273 MP: 24/24
 59530 | Zot:4    | Received a gift from Okawaru
 59540 | Zot:4    | Got an ivory broad axe {god gift}
 59541 | Zot:4    | Lost intelligence.
 59541 | Zot:4    | Identified the +4 broad axe of Seupiel {vorpal, rF+ Int-5
                  | SInv} (Okawaru gifted it to you on level 4 of the Realm of
                  | Zot)
 59974 | Zot:4    | Reached skill level 5 in Throwing
 60015 | Zot:4    | Received a gift from Okawaru
 61116 | Zot:4    | Received a gift from Okawaru
 61722 | Zot:5    | Entered Level 5 of the Realm of Zot
 61871 | Zot:5    | Received a gift from Okawaru
 62310 | Zot:5    | Noticed an ancient lich
 62311 | Zot:5    | Noticed an ancient lich
 62311 | Zot:5    | Noticed an ancient lich
 62323 | Zot:5    | HP: 10/273 [storm dragon (26)]
 62326 | Zot:5    | HP: 4/273 [twister/tornado[a Zot trap] (5)]
 62327 | Zot:5    | Killed from afar by a twister

Illustrated notes

Levels and vault maps discovered:
D:1:      eino_arrival_water_cross, layout_rooms, chequers_arboretum
D:2:      layout_loops_ring, cheibriados_altar_1, serial_bayou_pond_a,
          xom_teletrap_fun
D:3:      layout_loops_corners, general_overflow_altar, trog_wizard
D:4:      layout_basic, lemuel_crystal_altar, uniq_sigmund
D:5:      layout_loops_corners, uniq_pikel
D:6:      layout_basic, minmay_temple_entry_junction
D:7:      lemuel_ice_statue, layout_basic, lemuel_doored_altar, zin_scriptorium,
          st_stairs_8, uniq_prince_ribbit1
D:8:      minmay_flawed_box, layout_gridville
D:9:      layout_cave_pools, kennysheep_mini, minmay_overflow_temple_star_quad,
          minmay_lair_entry_grove, basic_altar, hangedman_little_slice_of_home,
          uniq_harold
D:10:     layout_loops_ring
D:11:     layout_roguey, nicolae_trove_entry_columns
D:12:     layout_loops_corners, orc_0_dummy, nicolae_elemental_shop,
          kennysheep_cross_bottleneck, uniq_urug
D:13:     layout_long_grid, erik_vaults_2, uniq_jorgrun, uniq_rupert
D:14:     due_megacathedral, layout_basic, chequers_serial_rivers_large_b
D:15:     grunt_enter_depths_snipers, layout_irregular_city, dk_noncrumbling_4,
          portal_ice_cave_demonic_guard
Temple:   dshaligram_water_room_temple
Lair:1:   layout_gridlike
Lair:2:   layout_chaotic_city, minmay_swamp_entry_swarm, roderic_batcave,
          lemuel_fruit_tree
Lair:3:   layout_cave_pods, serial_bayou_shore_a
Lair:4:   layout_roguey, spider_nest_entry_webs, beast_lair_carwin_10
Lair:5:   layout_regular_city
Lair:6:   cheibrodos_lair_end_hotspot, layout_long_grid,
          minmay_slime_entry_oklob_open, serial_bayou_pond_b, minivault_29,
          minmay_lair_oklob_chamber
Swamp:1:  layout_basic_swamp, nicolae_swamp_godswood, swamp_pool1,
          nicolae_swamp_spriggan_camp
Swamp:2:  layout_basic_swamp, evilmike_swamp_ruin_house_5, uniq_frances
Swamp:3:  layout_falls_marsh, evilmike_swamp_ruin_house_4, roderic_carrion_pond,
          infiniplex_staircase_pool_2
Swamp:4:  swamp_basic_johnstein, layout_basic_swamp
Spider:1: layout_spider_delve, gammafunk_ghost_arena, hangedman_spider_mandibles
Spider:2: layout_spider_delve, gammafunk_ghost_tricky_traps
Spider:3: layout_spider_delve, uniq_donald
Spider:4: guppyfry_spider_rune
Orc:1:    cheibrodos_orc_guarddog, layout_caves
Orc:2:    st_orc_pillars, layout_caves, gauntlet_entry_generic
Elf:1:    minmay_elf_crystal_square, layout_gridlike, gammafunk_ghost_cemetery,
          serial_shops, shop, evilmike_minifort
Elf:2:    layout_rooms
Elf:3:    minmay_elf_hall_curves, layout_geoelf_grid, lemuel_blue_sif_altar
Vaults:1: nicolae_vaults_little_ls, nicolae_vaults_what_the_h,
          vaults_standard_mumra_lines, vaults_dpeg_cross, vaults_room_corners,
          st_cross, layout_vaults_omnigrid, basic_altar, serial_shops,
          nicolae_shop_temple_entry_statues_fountains
Vaults:2: hangedman_vaults_stream, nicolae_vaults_border_crossing,
          minmay_crypt_entry_simple_round, nicolae_vaults_halls_meeting,
          grunt_vaults_hallway_long, nicolae_vaults_ninety_degrees,
          nicolae_vaults_triangles, nicolae_vaults_circle_grid_a,
          nicolae_vaults_alarming, ontoclasm_vaults_gateway, v_pattern_2,
          vaults_room_hallway, nicolae_vaults_gold_heap,
          nicolae_vaults_little_squares_4, layout_vaults_ring, uniq_mara
Vaults:3: ontoclasm_vaults_ring_large, v_misc_16, nicolae_vaults_hallways_thing,
          hangedman_vaults_capsules, ontoclasm_vaults_spin,
          ontoclasm_vaults_idyll, hangedman_vaults_nails,
          nicolae_vaults_holding_cells, nicolae_vaults_rhombus_5, v_misc_9,
          layout_vaults_omnicross, basic_altar, uniq_asterion
Vaults:4: nicolae_vaults_c_with_doors, vaults_room_fours, v_misc_32,
          vaults_room_pools, nicolae_vaults_theta, vaults_room_fours,
          layout_vaults_big_room
Vaults:5
Depths:1: layout_gridlike, special_room [special_room_morgue], lightli_too_deep,
          grunt_pan_entry_spiral, grunt_ministairs_11, guppyfry_shop_earth
Depths:2: minmay_the_grid_ultimate [minmay_the_grid_prize_shrinking_boxes,
          minmay_the_grid_prize_inner_circle,
          minmay_the_grid_prize_four_corners_diamond_a,
          minmay_the_grid_prize_trominoes,
          minmay_the_grid_square_5x5_three_small, minmay_the_grid_square_5x5_c,
          minmay_the_grid_square_5x5_checkered,
          minmay_the_grid_square_5x5_trominoes,
          minmay_the_grid_square_5x5_beaten_path,
          minmay_the_grid_square_5x5_pentomino_r,
          minmay_the_grid_square_5x5_n_small, minmay_the_grid_square_5x5_comb,
          minmay_the_grid_square_5x5_eight,
          minmay_the_grid_square_5x5_three_walls, minmay_the_grid_square_5x5_v,
          minmay_the_grid_square_5x5_spiral,
          minmay_the_grid_square_5x5_six_small,
          minmay_the_grid_square_5x5_minibox,
          minmay_the_grid_square_5x5_sharp_hourglass,
          minmay_the_grid_triangle_9x9_warning,
          minmay_the_grid_triangle_9x9_semitri,
          minmay_the_grid_triangle_9x9_negative_grid,
          minmay_the_grid_triangle_9x9_stretched_checkered,
          minmay_the_grid_triangle_9x9_descending_squares,
          minmay_the_grid_triangle_9x9_sprig,
          minmay_the_grid_triangle_9x9_checkered,
          minmay_the_grid_triangle_9x9_corrupted_corridor,
          minmay_the_grid_triangle_9x9_empty,
          minmay_the_grid_triangle_9x9_flanged_cone,
          minmay_the_grid_triangle_9x9_fully_insulated_deathbox,
          minmay_the_grid_triangle_9x9_cache,
          minmay_the_grid_triangle_9x9_odd_lines,
          minmay_the_grid_triangle_9x9_dagger,
          minmay_the_grid_triangle_9x9_sparse_checkered,
          minmay_the_grid_triangle_9x9_subtriangle,
          minmay_the_grid_square_5x5_forky, minmay_the_grid_octo_clover,
          minmay_the_grid_octo_focus, minmay_the_grid_octo_empty,
          minmay_the_grid_octo_77, minmay_the_grid_octo_clover_2,
          minmay_the_grid_octo_teeth, minmay_the_grid_octo_vomiting_pacman,
          minmay_the_grid_octo_horde, minmay_the_grid_mess,
          minmay_the_grid_medium_cups, minmay_the_grid_spikes,
          minmay_the_grid_aliased_spiral], hell_entry
Depths:3: minmay_big_diamond_grid, layout_cave_pools, enter_ziggurat_d,
          abyss_entry, rand_demon_pan_entry_4, hell_entry, skrybe_limestone_x
Depths:4: minmay_complete_graph, layout_cave_shapes,
          abyss_entry_small_statue_room, minmay_door_square, hell_entry,
          kennysheep_generic_room_16
Depths:5: grunt_zot_entry_alcove, layout_gridville, minmay_misc_feat_tower,
          hell_entry, gammafunk_ghost_door_vault
Zot:1:    layout_gridlike
Zot:2:    layout_basic, st_single_dragon_hoard_1
Zot:3:    layout_misc_corridors, basic_altar
Zot:4:    grunt_deathspiral_small, layout_concentric_octagons
Zot:5:    layout_basic, hangedman_zot_decor_scrapings

Skill      XL: |  1  2  3  4  5  6  7  8  9 10 11 12 13 14 15 16 17 18 19 20 21 22 23 24 25 26 27 |
---------------+----------------------------------------------------------------------------------+-----
Fighting       | 4 5 6 7 8 9 10 11 12 13 15 17 18 19 20 21 22 23 25 26 27 | 27.0
Axes           | 3 4 5 6 7 9 11 12 14 15 17 18 20 21 22 23 24 25 26 27 | 27.0
Shields        | 4 5 6 8 10 12 13 14 16 18 20 21 23 24 25 | 25.0
Armour         | 4 5 6 7 8 10 11 12 13 14 15 16 17 18 20 22 24 | 24.2
Dodging        | 1 2 3 4 5 6 7 9 10 11 15 18 20 | 20.2
Stealth        | 1 2 3 4 5 6 |  6.1
Evocations     | 1 2 3 4 |  4.2
Throwing       | 1 4 7 |  7.6
Invocations    | 1 2 3 |  3.4

Action                   |  1- 3 |  4- 6 |  7- 9 | 10-12 | 13-15 | 16-18 | 19-21 | 22-24 | 25-27 || total
-------------------------+-------+-------+-------+-------+-------+-------+-------+-------+-------++-------
Melee: War axe           |    88 |    87 |   270 |   438 |       |       |       |       |       ||   883
       Headbutt          |    10 |    10 |    42 |   107 |   309 |   299 |   525 |   546 |   367 ||  2215
       Broad axe         |       |       |       |    19 |  1239 |   215 |       |   262 |   937 ||  2672
       Hand axe          |       |       |       |       |       |   881 |  1396 |  1132 |    23 ||  3432
Throw: Dart              |       |       |       |     5 |     6 |       |       |       |       ||    11
Invok: Heroism           |       |       |       |     1 |     1 |     1 |     2 |     1 |     3 ||     9
       Finesse           |       |       |       |       |       |       |       |     1 |       ||     1
 Abil: Evoke Blink       |       |       |       |       |       |     1 |       |       |     1 ||     2
Evoke: Wand              |       |       |       |    20 |    22 |     1 |     1 |       |     1 ||    45
       Condenser vane    |       |       |       |       |       |     3 |     3 |     1 |       ||     7
  Use: Scroll            |       |       |     5 |     8 |    14 |    14 |     6 |    17 |    13 ||    77
       Potion            |       |       |       |     6 |     9 |     7 |       |     1 |     2 ||    25
 Stab: Paralysed         |       |       |       |     3 |     9 |       |       |       |       ||    12
       Confused          |       |       |       |     2 |       |     3 |       |       |       ||     5
       Distracted        |       |       |       |       |     1 |       |     1 |       |     2 ||     4
       Petrified         |       |       |       |       |       |       |       |     2 |       ||     2
       Petrifying        |       |       |       |       |       |       |       |     1 |       ||     1
Armor: Scale mail        |    29 |    29 |    26 |       |       |       |       |       |       ||    84
       Plate armour      |       |       |    71 |   204 |   261 |   228 |    90 |       |       ||   854
       Chain mail        |       |       |       |       |       |       |   124 |   126 |   217 ||   467
Dodge: Dodged            |    36 |    36 |    98 |   147 |   149 |   125 |   142 |   122 |   243 ||  1098
Block: Kite shield       |    35 |    27 |   131 |   336 |   556 |       |       |       |       ||  1085
       Tower shield      |       |       |       |       |   376 |  1265 |  1606 |  1258 |  1330 ||  5835
       Reflection        |       |       |       |       |    64 |    96 |   122 |   152 |    58 ||   492

Table legend: (Time is in decaauts)
 A = Elapsed time spent in this place.
 B = Non-inter-level travel time spent in this place.
 C = Inter-level travel time spent in this place.
 D = Time resting spent in this place.
 E = Time spent auto-exploring this place.
 F = Levels seen in this place.
 G = Mean time per level.
                   A        B        C        D        E       F      G
               +--------+--------+--------+--------+--------+-----+--------+
         Total |  60756 |  58858 |   1898 |   9182 |  33863 |  52 | 1168.4 |
       Dungeon |  14447 |  14031 |    416 |    964 |   9675 |  15 |  963.1 |
        Temple |    219 |    219 |      0 |      0 |    109 |   1 |  219.0 |
          Lair |  11162 |  10880 |    282 |   3969 |   4738 |   6 | 1860.3 |
         Swamp |   3499 |   3367 |    132 |    555 |   1999 |   4 |  874.8 |
   Spider Nest |   3489 |   3297 |    192 |    244 |   2129 |   4 |  872.2 |
  Orcish Mines |   2705 |   2648 |     57 |    567 |   1057 |   2 | 1352.5 |
   Elven Halls |   4831 |   4707 |    124 |   1058 |   2197 |   3 | 1610.3 |
        Vaults |   7340 |   6930 |    410 |    537 |   4314 |   5 | 1468.0 |
        Depths |   7507 |   7270 |    237 |    677 |   4411 |   5 | 1501.4 |
           Zot |   5001 |   4954 |     47 |    582 |   3214 |   5 | 1000.2 |
         Trove |    105 |    105 |      0 |      0 |      0 |   1 |  105.0 |
      Gauntlet |    446 |    446 |      0 |     27 |     18 |   1 |  446.0 |
               +--------+--------+--------+--------+--------+-----+--------+

Top non-repeatable levels by time:
Depths:2: 3140 daAuts
  Lair:6: 2917 daAuts
   Zot:4: 2131 daAuts
   Elf:3: 2090 daAuts
  Lair:3: 1993 daAuts
  Lair:1: 1943 daAuts
   Orc:2: 1899 daAuts
   Elf:1: 1784 daAuts
Vaults:2: 1690 daAuts
Vaults:1: 1638 daAuts
Vaults:5: 1611 daAuts
  Lair:5: 1564 daAuts
Depths:1: 1456 daAuts
  Lair:2: 1420 daAuts
     D:9: 1354 daAuts
